 Dungeon Crawl Stone Soup version 0.26.1-11-gd32895ea62 (webtiles) character file.

Game seed: 6949025911329948922

40008 promet the Cleaver (level 13, -4/130 HPs)
             Began as a Deep Dwarf Fighter on June 8, 2021.
             Was a Follower of Uskayaw.
             Slain by an entropy weaver (15 damage)
             ... on level 4 of the Lair of Beasts on June 10, 2021.
             The game lasted 02:57:56 (20345 turns).

promet the Cleaver (Deep Dwarf Fighter)            Turns: 20345, Time: 02:57:56

Health: -4/130     AC: -8    Str: 22 (23) XL:     13   Next: 72%
Magic:  0/0        EV:  7    Int: 11      God:    Uskayaw [*.....]
Gold:   796        SH: 20    Dex: 14      Spells: 12/12 levels left

rFire    . . .     SeeInvis +   a - +4 war axe (protect)
rCold    . . .     Faith    +   x - +1 tower shield {rN+}
rNeg     + . .     Spirit   .   H - +0 plate armour
rPois    .         Reflect  .   g - +0 helmet
rElec    .         Harm     .   w - scarf {+Inv}
rCorr    .         Rampage  .   r - +0 pair of gloves
Will     +....                  c - +2 pair of boots
Stlth    ..........             o - amulet of faith
HPRegen  0.00/turn              L - ring of see invisible
MPRegen  0.07/turn              (no ring)

@: mighty, corroded, protection aura, non-regenerating, hasted, studying
Fighting, very quick
A: damage resistance, heal wounds, deterioration 1, sense surroundings 2, strong
1, no regeneration
a: Heal Wounds, Renounce Religion, Evoke Invisibility, Stomp


You were on level 4 of the Lair of Beasts.
You worshipped Uskayaw.
Uskayaw was noncommittal.
You visited 3 branches of the dungeon, and saw 19 of its levels.

You collected 1970 gold pieces.
You spent 1174 gold pieces at shops.

Inventory:

Hand Weapons
 a - a +4 war axe of protection (weapon)
 b - a +0 hunting sling of electrocution
 e - a +0 dagger of protection
 k - a +2 long sword of draining
 l - a +2 trident of freezing
 p - a +4 flail
 z - a +0 rapier
 G - a +2 morningstar of holy wrath
 I - a +2 whip of electrocution
 M - a +0 fustibalus
 U - a -3 quick blade
Missiles
 i - 467 stones
 n - 149 bolts
 t - 408 arrows
 A - 15 boomerangs
 E - 25 poisoned darts (quivered)
 F - 63 sling bullets
Armour
 c - a +2 pair of boots (worn)
 g - a +0 helmet (worn)
 r - a +0 pair of gloves (worn)
 w - a scarf of invisibility (worn)
 x - a +1 tower shield of positive energy (worn)
 H - a +0 plate armour (worn)
 P - a +0 helmet
 T - a +0 leather armour of poison resistance
Jewellery
 o - an amulet of faith (around neck)
 L - a ring of see invisible (left hand)
 V - an uncursed ring of flight
 X - an uncursed ring of flight
 Y - an uncursed ring of resist corrosion
Wands
 h - a wand of flame (4)
 s - a wand of digging (6)
 v - a wand of random effects (63)
 C - a wand of iceblast (10)
 O - a wand of disintegration (13)
 R - a wand of acid (6)
 S - a wand of enslavement (9)
 W - a wand of paralysis (16)
Scrolls
 m - 6 scrolls of teleportation
 y - 6 scrolls of identify
 J - a scroll of fear
 K - 6 scrolls of amnesia
Potions
 d - 4 potions of might
 f - 4 potions of lignification
 j - 6 potions of attraction
 q - 2 potions of cancellation
 u - 6 potions of flight
 N - 2 potions of brilliance
 Q - a potion of haste
 Z - 2 potions of curing
Books
 D - a manual of Fighting
Miscellaneous
 B - a condenser vane


   Skills:
 * Level 12.8 Fighting
 + Level 13.3(13.5) Axes
 + Level 1.5(8.2) Maces & Flails
 + Level 2.5(7.9) Polearms
 + Level 4.5(4.8) Slings
 + Level 1.7(3.0) Throwing
 + Level 9.7 Armour
 + Level 4.8 Dodging
 + Level 8.9 Stealth
 + Level 12.4 Shields
 + Level 1.8 Evocations


You had 12 spell levels left.
You didn't know any spells.
Your spell library contained the following spells:

 Spells                   Type           Power        Failure   Level
 Beastly Appendage        Tmut           0%           100%        1
 Corona                   Hex            0%           100%        1
 Slow                     Hex            0%           100%        2
 Wereblood                Tmut           0%           100%        2
 Inner Flame              Hex/Fire       0%           100%        3
 Portal Projectile        Hex/Tloc       0%           100%        3
 Spider Form              Tmut/Pois      0%           100%        3
 Cause Fear               Hex            0%           100%        4
 Ice Form                 Ice/Tmut       0%           100%        4
 Leda's Liquefaction      Hex/Erth       0%           100%        4
 Blade Hands              Tmut           0%           100%        5


Dungeon Overview and Level Annotations

Branches:
Dungeon (13/15)            Temple (1/1) D:6            Lair (5/6) D:9
  Swamp (0/4) Lair:2       Spider (0/4) Lair:2          Orc (0/2) D:11
  Slime: Lair:5-6    Vaults: D:13-14

Altars:
Ashenzari
Cheibriados
Dithmenos
Elyvilon
Fedhas
Gozag
Hepliaklqana
Kikubaaqudgha
Makhleb
Nemelex Xobeh
Okawaru
Qazlal
Ru
Sif Muna
Trog
Uskayaw
Vehumet
Wu Jian
Xom
Yredelemnul
Zin
The Shining One

Shops:
D:5 ([*   D:6 }   D:9 *

Portals:
Trove: D:11 (give 8 scrolls of blinking)

Annotations:
D:5 2 runed translucent doors, promet's ghost, novice OpBr
D:6 exclusion: oklob plant
D:7 1 runed translucent door, FancyManDan's ghost, novice OgHu


Innate Abilities, Weirdness & Mutations

You are resistant to damage.
You can heal yourself by infusing magical energy.
You passively map the area around you.
You do not regenerate.
Your body sometimes deteriorates upon taking damage.
Your muscles are strong. (Str +2)


Message History

You block the entropy weaver's attack. The entropy weaver barely misses you.
The entropy weaver hits you! x2
* * * LOW HITPOINT WARNING * * *
You hit the entropy weaver.
The entropy weaver is heavily wounded.
You block the entropy weaver's attack. The entropy weaver hits you.
* * * LOW HITPOINT WARNING * * *
You block the entropy weaver's attack. The entropy weaver hits you!
* * * LOW HITPOINT WARNING * * *
You closely miss the entropy weaver.
The entropy weaver is heavily wounded.
You miss the entropy weaver.
The entropy weaver is heavily wounded.
You block the entropy weaver's attack. x2; The entropy weaver hits you.
* * * LOW HITPOINT WARNING * * *
You block the entropy weaver's attack.
You slash the entropy weaver!
The entropy weaver is heavily wounded.
You block the entropy weaver's attack. x2; The entropy weaver hits you!
You die...

..###...## ..##....^# ..###....#
..###....##### ###
........#..#P## #.##
.....#......((## ##†##
....###...P#...###>..##### .#.##
#.....#..B..†......##
..#.###.........@.........#
.........................## ###
............##..........#.###.#
.........#..##...###.....#....#
..............................#
..#.....#.##....#.......##....#
......>.###.....#.<..P.#.##.#.##
.......####.....##.....###P....#
...#..†##.#.....#....#####....##


You could see an entropy weaver.

Vanquished Creatures
  Harold (D:7)
  Erolcha (D:10)
  10 hydras
  A centaur warrior (D:13)
  2 two-headed ogres
  An unseen horror (D:13)
  Pikel (D:7)
  3 ugly things
  A deep elf mage (D:12)
  A cyclops (D:7)
  6 elephants (Lair:3)
  A black mamba (Lair:1)
  Joseph (D:10)
  8 cane toads
  Maggie (D:6)
  A rime drake (Lair:4)
  5 komodo dragons
  3 trolls
  3 jumping spiders (Lair:2)
  2 polar bears
  5 blink frogs (Lair:3)
  A hornet (D:9)
  11 slime creatures
  7 wyverns
  3 redbacks
  A wraith (D:10)
  16 yaks
  Grum (Lair:1)
  4 basilisks
  A basilisk (shapeshifter) (D:13)
  13 vampire mosquitoes
  3 soldier ants
  An acid dragon (D:11)
  15 water moccasins
  2 black bears
  2 ice beasts
  2 orc warriors
  A sky beast (D:10)
  A necrophage (D:12)
  An eye of draining (D:11)
  A phantom (D:10)
  13 wolves
  4 ogres
  10 centaurs
  4 lemures (D:7)
  A big kobold (D:12)
  11 bullfrogs
  A gnoll sergeant (D:9)
  A wyvern skeleton (D:12)
  6 scorpions
  3 killer bees
  13 wights
  6 howler monkeys
  4 electric eels
  A centaur zombie (D:11)
  2 quasits (D:8)
  2 orc priests
  2 bullfrog zombies
  9 orc wizards
  2 bullfrog skeletons
  A centaur skeleton (D:6)
  12 hounds
  A jelly (D:11)
  Jessica (D:2)
  Ijyb (D:5)
  Natasha (thrice) (D:3)
  5 iguanas
  15 worker ants
  2 killer bee zombies (D:7)
  2 hound skeletons
  2 howler monkey zombies (D:5)
  12 gnolls
  9 adders
  2 shadow imps
  2 white imps
  3 oozes
  An ufetubus (D:5)
  An adder skeleton (D:6)
  3 adder zombies
  A worm (D:4)
  3 dart slugs
  3 leopard geckos
  22 orcs
  A ball python (D:4)
  6 bats
  8 giant cockroaches
  11 hobgoblins
  6 jackals
  11 kobolds
  4 quokkas
  3 frilled lizards
  5 goblins
  A jackal skeleton (D:4)
  A jackal zombie (D:7)
  A quokka zombie (D:5)
  8 rats
413 creatures vanquished.

Vanquished Creatures (others)
  A human (D:8)
  A gnoll sergeant (D:5)
  A hound (D:5)
  An orc wizard (D:11)
  A worker ant (D:5)
  An adder (D:5)
  A leopard gecko (D:5)
  An orc (D:5)
  A quokka (D:5)
  A frilled lizard (D:5)
  A bush (Lair:3)
  29 fungi
  87 plants
127 creatures vanquished.

Grand Total: 540 creatures vanquished

Notes
Turn   | Place    | Note
-------+----------+-------------------------------------------
     0 | D:1      | promet the Deep Dwarf Fighter began the quest for the Orb.
     0 | D:1      | Reached XP level 1. HP: 20/20 MP: 1/1
   117 | D:1      | Reached XP level 2. HP: 27/27 MP: 2/2
   908 | D:2      | Reached XP level 3. HP: 34/34 MP: 3/3
   963 | D:2      | Reached skill level 1 in Dodging
  1389 | D:2      | Noticed Jessica
  1405 | D:2      | Killed Jessica
  1406 | D:2      | Reached skill level 3 in Axes
  1406 | D:2      | Reached XP level 4. HP: 42/42 MP: 4/4
  1843 | D:3      | Found an iron altar of Okawaru.
  1913 | D:3      | Reached XP level 5. HP: 42/49 MP: 5/5
  1914 | D:3      | Reached skill level 1 in Throwing
  2179 | D:3      | Noticed Natasha
  2190 | D:3      | Killed Natasha
  2691 | D:3      | Noticed Natasha
  2698 | D:3      | Killed Natasha
  2714 | D:3      | Noticed Natasha
  2727 | D:3      | Killed Natasha
  2810 | D:4      | Noticed an ice beast
  2829 | D:4      | Killed an ice beast
  2830 | D:4      | Reached skill level 4 in Axes
  2830 | D:4      | Reached XP level 6. HP: 12/57 MP: 6/6
  3192 | D:4      | Reached skill level 5 in Armour
  3362 | D:4      | Reached XP level 7. HP: 64/64 MP: 7/7
  3486 | D:5      | Entered Level 5 of the Dungeon
  3928 | D:5      | Found a shimmering altar of Xom.
  3929 | D:5      | Noticed Ijyb
  3974 | D:5      | Killed Ijyb
  3984 | D:5      | Found Liodghy's Antique Weapon Shop.
  4047 | D:5      | Reached skill level 5 in Shields
  4127 | D:5      | Found Soukonieps's Assorted Antiques.
  4133 | D:5      | Bought a runed tower shield for 157 gold pieces
  4272 | D:5      | Found Tataci's Armour Emporium.
  4295 | D:5      | Bought a scarf of invisibility for 156 gold pieces
  4394 | D:5      | Reached skill level 5 in Axes
  4480 | D:5      | Found a large runed translucent door.
  4480 | D:5      | Found a large runed translucent door.
  4507 | D:5      | Noticed promet's ghost (novice OpBr)
  4717 | D:6      | Found Paoraim's Gadget Shop.
  5070 | D:6      | Noticed Maggie
  5085 | D:6      | Killed Maggie
  5086 | D:6      | Reached skill level 6 in Axes
  5086 | D:6      | Reached XP level 8. HP: 24/73 MP: 8/8
  5114 | D:5      | Gained mutation: You passively map the area around you.
                  | [potion of mutation]
  5114 | D:5      | Gained mutation: Your body sometimes deteriorates upon
                  | taking damage. [potion of mutation]
  5114 | D:5      | Gained mutation: Your muscles are strong. (Str +2) [potion
                  | of mutation]
  5416 | D:6      | Reached skill level 1 in Stealth
  5566 | D:6      | Found a blossoming altar of Fedhas.
  5592 | D:6      | Noticed an oklob plant
  5949 | D:6      | Reached skill level 7 in Axes
  5970 | D:6      | Found a staircase to the Ecumenical Temple.
  6030 | Temple   | Entered the Ecumenical Temple
  6122 | Temple   | Became a worshipper of Uskayaw the Reveller
  6233 | D:6      | Reached * piety under Uskayaw
  6235 | D:6      | Reached ** piety under Uskayaw
  6455 | D:7      | Reached *** piety under Uskayaw
  6492 | D:7      | Reached skill level 5 in Fighting
  6538 | D:7      | Reached **** piety under Uskayaw
  6619 | D:7      | Found a runed translucent door.
  6619 | D:7      | Noticed FancyManDan's ghost (novice OgHu)
  6848 | D:7      | Found a hide-covered altar of Uskayaw.
  7052 | D:7      | Noticed a cyclops
  7069 | D:7      | Killed a cyclops
  7070 | D:7      | Reached skill level 1 in Slings
  7070 | D:7      | Mutation became permanent: You passively map a small area
                  | around you. [Deep Dwarf growth]
  7070 | D:7      | Gained mutation: You passively map the area around you.
                  | [Deep Dwarf growth]
  7070 | D:7      | Reached XP level 9. HP: 38/81 MP: 9/9
  7359 | D:8      | Reached skill level 8 in Axes
  7511 | D:8      | Noticed Harold
  7515 | D:8      | Noticed Pikel
  7711 | D:7      | Killed Harold
  7777 | D:7      | Killed Pikel
  7778 | D:7      | Reached skill level 9 in Axes
  7778 | D:7      | Reached XP level 10. HP: 74/92 MP: 9/9
  7891 | D:8      | Found an ancient bone altar of Kikubaaqudgha.
  8797 | D:9      | Reached ***** piety under Uskayaw
  8975 | D:9      | Found Lasuqam's Assorted Antiques.
  9002 | D:9      | Bought a scroll labelled TONAFIR MENAURPH for 26 gold
                  | pieces
  9002 | D:9      | Bought a scroll of enchant armour for 195 gold pieces
  9410 | D:5      | Bought a scroll labelled NYELUM IGUECA for 21 gold pieces
  9893 | D:9      | Found a staircase to the Lair.
 10422 | D:9      | Bought a glowing war axe for 169 gold pieces
 10423 | D:9      | Identified a scroll of acquirement
 10423 | D:9      | Acquired 546 gold pieces
 10496 | D:10     | Entered Level 10 of the Dungeon
 10535 | D:10     | Reached skill level 10 in Axes
 10584 | D:10     | Noticed a two-headed ogre
 10586 | D:10     | Noticed Joseph
 10621 | D:9      | Killed a two-headed ogre
 10664 | D:10     | Killed Joseph
 10811 | D:10     | Reached XP level 11. HP: 82/103 MP: 6/6
 11011 | D:10     | Noticed Erolcha
 11022 | D:10     | Killed Erolcha
 11374 | D:10     | Reached skill level 5 in Stealth
 11388 | D:10     | Reached ****** piety under Uskayaw
 11690 | D:11     | Acquired a manual of Fighting
 11710 | D:11     | Found a portal to a secret trove of treasure.
 11749 | D:11     | Found an iron altar of Okawaru.
 11924 | D:11     | Noticed a purple ugly thing
 11932 | D:11     | Killed a purple ugly thing
 11969 | D:11     | Found a staircase to the Orcish Mines.
 12045 | D:11     | Noticed a six-headed hydra
 12059 | D:11     | Killed a six-headed hydra
 12060 | D:11     | Reached skill level 10 in Shields
 12060 | D:11     | Reached skill level 1 in Evocations
 12353 | D:11     | Noticed a two-headed ogre
 12360 | D:11     | Killed a two-headed ogre
 12361 | D:11     | Reached skill level 11 in Axes
 12531 | D:11     | Noticed a brown ugly thing
 12553 | D:11     | Killed a brown ugly thing
 12774 | D:12     | Noticed a deep elf mage
 12781 | D:12     | Killed a deep elf mage
 13421 | D:12     | Reached XP level 12. HP: 103/116 MP: 7/7
 14141 | D:13     | Reached skill level 10 in Fighting
 14170 | D:13     | Noticed a centaur warrior
 14180 | D:13     | Killed a centaur warrior
 14611 | D:13     | Reached skill level 12 in Axes
 14685 | Lair:1   | Entered Level 1 of the Lair of Beasts
 14690 | Lair:1   | Noticed a four-headed hydra
 14715 | D:9      | Killed a four-headed hydra
 14716 | D:9      | Reached skill level 1 in Maces & Flails
 14865 | Lair:1   | Noticed Grum
 14878 | Lair:1   | Killed Grum
 15099 | Lair:1   | Noticed a five-headed hydra
 15111 | Lair:1   | Killed a five-headed hydra
 15633 | Lair:2   | Noticed a four-headed hydra
 15656 | Lair:1   | Killed a four-headed hydra
 15657 | Lair:1   | Reached skill level 1 in Polearms
 15760 | Lair:2   | Noticed a four-headed hydra
 15873 | Lair:2   | Killed a four-headed hydra
 16228 | D:5      | Bought a glowing quick blade for 450 gold pieces
 16368 | Lair:2   | Reached XP level 13. HP: 100/127 MP: 6/6
 16565 | Lair:2   | Found a hole to the Spider Nest.
 16834 | Lair:2   | Found a staircase to the Swamp.
 18349 | Lair:3   | Reached skill level 13 in Axes
 20227 | Lair:5   | Noticed an entropy weaver
 20294 | Lair:4   | HP: 6/130 [entropy weaver (9)]
 20345 | Lair:4   | Slain by an entropy weaver

Illustrated notes

Levels and vault maps discovered:
D:1:      minmay_arrival_arboretum_large, layout_loops_ring
D:2:      layout_basic, uniq_jessica
D:3:      layout_basic, nicolae_overflow_crystal_walls, uniq_natasha
D:4:      layout_cave_pools, minmay_quantized
D:5:      layout_loops_ring, ebering_ghost_disaster_area, serial_shops, shop,
          kennysheep_mini, shop, xom_confusion_cloud, uniq_ijyb
D:6:      layout_rooms, minmay_temple_entry_arrows, serial_shops, shop,
          serial_bayou_lagoon_a, tgw_fedhas, uniq_maggie
D:7:      layout_rooms, hellmonk_ghost_happy_afterlife, amcnicky_altar_gilded
D:8:      layout_cave_pools, chequers_serial_rivers_small_b, tgw_kikubaaqudgha,
          uniq_harold, uniq_pikel
D:9:      layout_basic, erik_lair_island, serial_shops,
          nicolae_shop_window_shopping
D:10:     layout_rooms, uniq_erolcha, uniq_joseph
D:11:     layout_loops_cross, orc_0_dummy, nicolae_trove_entry_free_sample,
          basic_altar
D:12:     layout_loops_corners
D:13:     layout_loops_corners, erik_vaults_1, uniq_josephine
Temple:   compressed_dpeg_triangle_lava_temple
Lair:1:   layout_small_grid, serial_bayou_shore_b, grunt_megastairs_1, uniq_grum
Lair:2:   layout_gridlike, minmay_swamp_entry_reptiles,
          nicolae_spider_entry_tight_spaces, pond, grunt_megastairs_4
Lair:3:   layout_roguey, grunt_megastairs_3, uniq_fannar
Lair:4:   layout_misc_corridors
Lair:5:   lemuel_slime, layout_regular_city, minivault_29

Skill      XL: |  1  2  3  4  5  6  7  8  9 10 11 12 13 |
---------------+----------------------------------------+-----
Fighting       | 3 4 5 6 7 9 11 12 | 12.8
Dodging        | 1 2 3 4 |  4.8
Axes           | 3 4 6 7 9 10 11 12 13 | 13.3
Armour         | 4 5 6 7 8 9 |  9.7
Throwing       | 1 |  1.7
Shields        | 4 5 6 7 9 10 11 12 | 12.4
Stealth        | 2 3 4 6 8 |  8.9
Slings         | 1 2 3 4 |  4.5
Evocations     | 1 |  1.8
Maces & Flails | 1 |  1.5
Polearms       | 1 2 |  2.5

Action                   |  1- 3 |  4- 6 |  7- 9 | 10-12 | 13-15 || total
-------------------------+-------+-------+-------+-------+-------++-------
Melee: War axe           |    95 |   183 |   411 |   770 |   341 ||  1800
       Morningstar       |       |       |       |    14 |       ||    14
       Trident           |       |       |       |    37 |    48 ||    85
       Whip              |       |       |       |     4 |       ||     4
       Rapier            |       |       |       |     2 |       ||     2
       Long sword        |       |       |       |       |     1 ||     1
 Fire: Hunting sling     |       |       |     7 |    72 |    63 ||   142
Throw: Stone             |     6 |     3 |       |       |       ||     9
       Boomerang         |     2 |       |       |       |       ||     2
       Throwing net      |     1 |       |     1 |     2 |       ||     4
       Dart              |       |       |     5 |    19 |     8 ||    32
Invok: Stomp             |       |       |       |     2 |     2 ||     4
 Abil: Heal Wounds       |     1 |     7 |     9 |    30 |    26 ||    73
       Evoke Invisibilit |       |       |       |     1 |       ||     1
Evoke: Wand              |       |       |     5 |    24 |     3 ||    32
  Use: Scroll            |     3 |     4 |    15 |    18 |     6 ||    46
       Potion            |     1 |       |    10 |    12 |     5 ||    28
 Stab: Held in net/web   |       |       |     1 |       |       ||     1
       Paralysed         |       |       |     9 |    67 |    25 ||   101
       Invisible         |       |       |       |     1 |       ||     1
       Sleeping          |       |       |       |     1 |       ||     1
Armor: Scale mail        |    51 |    81 |    63 |       |       ||   195
       Skin              |     3 |       |       |       |       ||     3
       Steam dragon scal |       |       |    22 |       |       ||    22
       Plate armour      |       |       |    94 |   337 |   137 ||   568
       Leather armour    |       |       |       |    10 |    29 ||    39
Dodge: Dodged            |    24 |    53 |    95 |   129 |    81 ||   382
Block: Kite shield       |    63 |   113 |    38 |       |       ||   214
       Tower shield      |       |       |   351 |   821 |   441 ||  1613
